cap, chaotic female elven Wizard ------ # ##.....| ---------------------------------# # |.<..| |...............................|########.....| |.----....-----.-----|-..-----..|## # ----.- |.|..|---.|...-.-..|..|..|(((|..-##### #### |.|..|..|.|._.|.|..|..|..|(((|..|# # # |.-|-|..|.|.(.|.--------.|...|..|############# ## |....|..|.|...|....-...|.---|-..|# -.---.--- |.{..-|--.----|....| ..|........|###########+.......| |..........-..||--.-----..-----.|# |....>..| |....-|--..|..|..|........Y@%%|.|# |.......| ..-|-|..|.----|..|-|--.@..|@%.|.|# --------- |.|. |..|.|[*?|--|...|---.-----.|# |.|..|---.-.!(|..|(.(| +.......|# |.|..|....|[%.|..|(((| |.......|# |.----....-----|---------.....{.|# |...............................-# --------------------------------- cap the Thaumaturge Experience level: 8 Strength: 6 Dexterity: 17 Constitution: 16 Intelligence: 18 Wisdom: 14 Charisma: 10 Health: 0(63) Energy: 82(82) AC: 3 Gold: 0 Moves: 8813 Your Inventory: Weapons J - a blessed +0 elven dagger (weapon in hand) W - 3 uncursed [+0] daggers (in quiver) Armor b - a blessed +2 cloak of magic resistance (being worn) t - an uncursed +0 pair of iron shoes (being worn) Q - an uncursed +0 hard hat [dwarvish iron helm] (being worn) Comestibles p - an uncursed lichen corpse D - an uncursed orange F - an uncursed lizard corpse Rings e - an uncursed ring of slow digestion (on right hand) Wands c - an uncursed wand of slow monster (0:4) C - an uncursed wand of enlightenment [0:9] O - an uncursed wand of magic missile [0:4] V - an [uncursed] wand of digging [0:3] Y - an uncursed wand of fire [0:2] Tools k - an uncursed key [skeleton key] u - an uncursed [+0] unicorn horn y - an uncursed brass lantern R - 3 uncursed [tallow] candles Spells known in the end: Name Level Category Fail Memory a - force bolt 1 attack 4% [|||||...] b - identify 3 divination 91% [|||||...] Your skills at the end: Fighting Skills Weapon Skills dagger [Basic / Expert] quarterstaff [Basic / Expert] Spellcasting Skills attack spells [Skilled / Expert] enchantment spells [Basic / Skilled] Final Attributes: You were piously aligned. Hunger level was 851. Your alignment was 48 / 54. Monster difficulty range was 1 - 7. Level difficulty was 6. You were immune to sleep. You were magic-protected. You saw invisible. You were telepathic. You had infravision. You had slower digestion. You were lucky (1). You are dead. Vanquished creatures: a giant mimic 2 large cats a succubus a crocodile a giant beetle a cockatrice 2 black lights a gnome king a werewolf a lizard a dingo a housecat a white unicorn 2 ravens a plains centaur a soldier ant a bugbear a wood nymph 2 Uruk-hai a rock piercer a pony a shrieker a violet fungus 3 gnome lords 3 gnomish wizards a black naga hatchling a gray ooze 6 elf zombies a paper golem a wax golem 2 giant ants 3 floating eyes a kitten 6 dwarves a homunculus a kobold lord 2 rothes a rabid rat 4 giant bats 3 monkeys 6 orc zombies 4 dwarf zombies a werejackal 2 iguanas 2 killer bees 4 acid blobs a coyote 2 hobbits 3 large kobolds a hobgoblin 5 giant rats 4 cave spiders a yellow mold 28 gnomes 11 garter snakes 4 geckos 9 jackals 2 foxes a kobold a goblin 8 grid bugs 7 bats 7 lichens a kobold zombie 7 newts 189 creatures vanquished. Voluntary challenges: You used a wielded weapon 199 times. You read items or engraved 792 times. You put on armor 10 times. You never genocided any monsters. You never polymorphed an object. You never changed form. You used no wishes. You wrote Elbereth's name 553 times. You encountered 2 bones levels. You never used any Sokoban shortcuts. Dungeon overview: The Dungeons of Doom: levels 1 to 10 Level 1 an altar a long staircase Level 2 stairs to The Gnomish Mines Level 3 (prayed around 1010) an armor shop, a fountain portal to Advent Calendar Level 4 a scroll shop, a fountain Level 5 some fountains Level 6 an armor shop, a fountain, a sink Level 8 many fountains Level 9 a fountain stairs to Sokoban The Gnomish Mines: levels 3 to 7 Level 3 stairs to The Dungeons of Doom Level 6 <- You were here many shops, a temple, a magic chest, some fountains Sokoban: levels 7 to 8 Level 8 stairs to The Dungeons of Doom Advent Calendar: Level 3 many trees portal to The Dungeons of Doom History has recorded: On T:1 you entered the Dungeons of Doom to retrieve the Amulet of Yendor! On T:620 you reached level 2 of The Dungeons of Doom. On T:910 you reached level 3 of The Dungeons of Doom. On T:951 you reached level 4 of The Dungeons of Doom. On T:1334 you reached level 1 of Advent Calendar. On T:1824 you reached level 5 of The Dungeons of Doom. On T:1869 you advanced to experience level 2. On T:1975 you advanced to experience level 3. On T:1995 you reached level 6 of The Dungeons of Doom. On T:2036 you reached level 7 of The Dungeons of Doom. On T:2097 you reached level 8 of The Dungeons of Doom. On T:2242 you advanced to experience level 4. On T:2251 you advanced to experience level 5. On T:2317 you reached level 9 of The Dungeons of Doom. On T:2403 you advanced to experience level 6. On T:3558 you advanced to experience level 7. On T:3570 you reached level 10 of The Dungeons of Doom. On T:3635 you reached level 3 of Sokoban. On T:4366 you reached level 2 of Sokoban. On T:5459 you advanced to experience level 8. On T:6232 you reached level 1 of The Gnomish Mines. On T:6242 you reached level 2 of The Gnomish Mines. On T:6314 you reached level 3 of The Gnomish Mines. On T:6316 you reached level 4 of The Gnomish Mines. On T:6338 you reached level 5 of The Gnomish Mines. Latest messages: [HP+1=5] You see a door open. You write "Elbereth" with your fingers into the dust. The yeti turns to flee! An iron piercer suddenly drops from the ceiling! Its blow glances off your helmet. [HP+1=6] You write "Elbereth" with your fingers into the dust. [HP+1=7] "Hello, cap! Welcome again to Trenggalek's delicatessen!" The door closes. You see a door open. [HP+1=8] You cannot lock an open door. [2 turns] You write "Elbereth" with your fingers into the dust. The yeti hits! (2x) You die... Trenggalek gratefully inherits all your possessions. Final status: Goodbye cap the Wizard... You died in The Gnomish Mines on dungeon level 6 with 476 points, and 0 pieces of gold, after 8813 moves. You were level 8 with a maximum of 63 hit points when you died.